Map: Tours du crépuscule

Players

zidar

  • Race: Zerg Zerg
  • League: Gold
  • Spawn Location: 7:00

DADDY - Winner!

  • Race: Terran Terran
  • League: Gold
  • Spawn Location: 1:00

VOD

Have the link to the VOD?

Description

Time

  • Played on: June 30, 2016, 12:28 p.m.
  • Length: 24:31
Show
View Real Time Build Order
Export as new Build Order

zidar Zerg 

Build Orders: Hatch First 

Get SALT Encoding   

  12  0:01  Drone  
  13  0:12  Overlord  
  13  0:17  Drone  
  14  0:30  Drone x2  
  16  0:51  Hatchery  
  16  0:52  Drone  
  16  0:56  Extractor  
  15  0:58  Drone  
  16  1:14  Spawning Pool  
  16  1:16  Drone  
  16  1:21  Drone  
  18  1:25  Drone  
  18  1:33  Drone  
  18  1:38  Overlord  
  19  2:02  Queen  
  19  2:03  Queen  
  19  2:05  Zergling x2  
  19  2:06  Zergling x2  
  25  2:09  Zergling x2  
  26  2:19  Drone x2  
  26  2:22  Metabolic Boost  
  28  2:25  Drone  
  29  2:44  Drone x4  
  33  2:54  Overlord x2  
  33  3:00  Extractor  
  33  3:04  Drone  
  33  3:21  Roach Warren  
  32  3:27  Drone x6  
  32  3:28  Drone x2  
  40  3:50  Pneumatized Carapace  
  40  3:52  Lair  
  40  3:56  Extractor  
  40  3:57  Drone x5  
  40  3:59  Overlord  
  40  4:00  Overlord  
  44  4:22  Extractor, Drone  
  44  4:23  Drone x3  
  47  4:37  Roach  
  47  4:38  Roach x5  
  59  5:05  Overlord x2  
  59  5:06  Overlord  
  57  5:39  Roach x9, Hatchery  
  74  5:55  Evolution Chamber  
  73  5:57  Evolution Chamber  
  73  6:01  Ravager  
  73  6:02  Ravager, Infestation Pit  
  73  6:03  Ravager  
  73  6:04  Ravager  
  75  6:05  Ravager  
  76  6:13  Drone  
  76  6:14  Drone x3  
  76  6:17  Drone  
  76  6:18  Drone x2  
  83  6:21  Overlord x3  
  83  6:25  Zerg Ground Armor Level 1  
  83  6:29  Zerg Melee Weapons Level 1  
  83  6:39  Queen  
  85  6:43  Drone x4  
  89  7:11  Roach x5  
  89  7:27  Queen  
  89  7:43  Ravager x2  
  89  7:44  Ravager x2  
  72  8:24  Roach x17  
  106  8:29  Overlord  
  106  8:45  Zerg Ground Armor Level 2  
  106  8:46  Zerg Melee Weapons Level 2  
  106  8:49  Glial Reconstitution  
  106  8:55  Drone x7  
  97  9:35  Drone  
  97  9:36  Drone x8  
  106  9:44  Overlord x3  
  106  10:09  Hatchery  
  105  10:18  Drone x3  
  108  10:26  Spore Crawler  
  108  10:27  Hive  
  107  10:34  Spire  
  88  11:19  Drone x17  
  105  11:43  Ultralisk Cavern  
  104  11:48  Corruptor  
  104  11:49  Mutalisk x6  
  118  12:10  Extractor  
  118  12:14  Extractor  
  116  12:16  Drone x3  
  119  12:28  Drone  
  120  12:31  Drone x4  
  120  12:32  Drone  
  120  12:36  Roach  
  127  12:37  Chitinous Plating  
  127  12:49  Zerg Ground Armor Level 3  
  127  13:04  Overlord x8  
  127  13:05  Overlord x8  
  127  13:32  Ultralisk x2  
  127  13:33  Ultralisk  
  127  13:34  Hatchery  
  70  14:47  Ultralisk x3  
  70  14:48  Ultralisk x3  
  70  14:49  Zergling x2  
  70  14:50  Zergling x44  
  129  15:11  Hatchery  
  129  15:12  Hatchery  
  104  16:04  Ultralisk  
  104  16:05  Ultralisk x4  
  104  16:06  Zergling x2  
  104  16:07  Zergling x10  
  104  16:08  Zergling x2  
  48  17:52  Corruptor  
  48  17:53  Corruptor x4  
  48  17:54  Corruptor x4  
  48  17:55  Corruptor x4  
  61  20:33  Spawning Pool  
  52  21:32  Zergling x18  
  61  21:44  Zergling x6  
  64  21:54  Zergling x4  
  64  21:58  Queen  
  68  22:40  Drone x6  
  69  23:04  Zergling x8  
  72  23:47  Zergling x2  
  72  23:48  Zergling x10  
  78  24:21  Hatchery  
Show
View Real Time Build Order
Export as new Build Order

DADDY Terran - Winner!

Build Orders:  

Get SALT Encoding   

  12  0:01  SCV  
  13  0:13  SCV  
  14  0:25  SCV  
  14  0:27  Supply Depot  
  15  0:48  SCV  
  16  0:50  Barracks  
  16  0:54  Refinery  
  16  1:01  SCV  
  17  1:13  SCV, Supply Depot  
  18  1:25  SCV  
  19  1:40  Barracks Reactor  
  19  1:43  Command Center  
  19  1:45  Refinery  
  19  1:53  SCV  
  20  2:05  SCV  
  21  2:13  Engineering Bay  
  21  2:16  Marine x2  
  21  2:22  Factory  
  23  2:25  SCV  
  24  2:39  Orbital Command  
  24  2:47  Marine  
  25  3:10  Marine x2  
  25  3:12  Factory Tech Lab  
  27  3:13  Terran Infantry Weapons Level 1  
  27  3:20  Barracks, SCV  
  27  3:26  SCV  
  29  3:30  Marine  
  29  3:32  SCV  
  31  3:34  Siege Tank  
  34  3:42  SCV  
  34  3:45  SCV  
  36  3:52  Starport  
  36  3:54  Marine x2  
  38  4:11  Barracks Tech Lab  
  38  4:14  Marine x2  
  40  4:24  Missile Turret  
  40  4:26  Siege Tank  
  40  4:27  SCV  
  40  4:29  Refinery  
  40  4:31  Stimpack  
  44  4:32  Marine  
  44  4:34  Starport Reactor  
  45  4:39  SCV  
  45  4:44  Supply Depot  
  46  4:58  Barracks  
  46  4:59  Supply Depot  
  46  5:05  SCV  
  47  5:08  Terran Infantry Armor Level 1  
  47  5:09  Missile Turret  
  43  5:17  Marine x2  
  43  5:18  Marine  
  44  5:26  SCV  
  44  5:27  Supply Depot  
  45  5:29  SCV  
  45  5:35  Marine x2  
  46  5:39  Medivac x2  
  46  5:41  SCV x2  
  54  5:45  Marine  
  54  5:47  Barracks Tech Lab  
  55  5:55  SCV  
  56  6:05  SCV  
  56  6:10  Orbital Command  
  57  6:17  Marauder  
  57  6:18  Marine x2, Marauder  
  66  6:32  Siege Tank  
  66  6:35  Marine  
  66  6:37  Combat Shield  
  66  6:38  Concussive Shells  
  67  6:40  Marauder  
  67  6:41  Marine  
  67  6:45  Supply Depot  
  70  6:49  Marauder  
  70  6:51  SCV  
  70  6:53  Marine  
  74  6:54  Command Center  
  74  6:59  Marine  
  75  7:03  SCV  
  69  7:33  Marauder x2  
  69  7:34  Siege Tank  
  69  7:35  Medivac x2  
  79  7:54  Marauder  
  70  8:15  Marine x2  
  70  8:16  Marine x2  
  74  8:27  Armory  
  74  8:33  Marine x2  
  80  8:34  Marauder x2  
  80  8:40  Planetary Fortress  
  80  8:43  SCV  
  81  8:49  Siege Tank  
  81  8:50  Medivac x2  
  81  8:51  Marine x2  
  81  8:55  Marauder x2, SCV  
  95  9:14  Marine x2  
  101  9:17  Marauder x2  
  101  9:21  Siege Tank  
  87  9:32  Marine x2  
  93  9:38  Marauder x2  
  93  9:50  Marine x2  
  95  9:59  Marauder  
  99  10:00  Marauder  
  99  10:08  Marine x2  
  99  10:13  Terran Infantry Weapons Level 2  
  101  10:15  Supply Depot x2  
  101  10:17  Supply Depot  
  101  10:20  Marine  
  101  10:21  Marauder, Siege Tank  
  104  10:25  Marine  
  104  10:26  Marine  
  104  10:28  Barracks  
  90  11:23  SCV  
  91  11:25  Refinery  
  91  11:28  Refinery, Medivac x2  
  91  11:29  Barracks Reactor  
  95  11:35  SCV  
  95  11:36  Supply Depot  
  95  11:37  Refinery  
  95  11:38  SCV  
  97  11:42  Supply Depot  
  97  11:46  Marauder  
  97  11:47  Marine x2, Marauder, SCV  
  101  11:50  SCV  
  101  11:51  Engineering Bay  
  105  11:59  SCV, Supply Depot  
  106  12:04  Supply Depot  
  106  12:05  Marine x2  
  106  12:06  Marine x2  
  106  12:08  Marauder x2  
  114  12:09  Terran Vehicle Weapons Level 1  
  114  12:11  SCV  
  115  12:22  Marine  
  115  12:23  Marine x2, SCV  
  115  12:24  Marine  
  115  12:29  Marine, Marauder  
  123  12:40  Marine x2  
  123  12:41  Marine x2  
  123  12:43  Supply Depot  
  127  12:44  Supply Depot  
  127  12:47  Marine  
  127  12:50  Marauder  
  130  12:53  Command Center  
  130  12:58  Marine x2  
  130  13:00  Marine x2  
  130  13:05  Marauder  
  136  13:06  Supply Depot  
  136  13:08  Supply Depot  
  136  13:12  Marauder  
  138  13:16  Marine x2  
  138  13:18  Marine x2  
  142  13:26  Marauder  
  144  13:30  Supply Depot  
  144  13:32  Siege Tank  
  144  13:33  Marine  
  144  13:34  Marine x2  
  148  13:35  Marine  
  148  13:36  Marine  
  152  13:48  Marauder  
  152  13:51  Marauder  
  153  14:01  Marine x2  
  153  14:02  Marine x2  
  157  14:05  Siege Tank  
  157  14:09  Marauder  
  132  14:44  Marine x5  
  132  14:45  Marine  
  133  15:02  Marine x3  
  136  15:08  Liberator x2  
  136  15:18  Marine, Marauder x2  
  136  15:19  Marine  
  136  15:20  Marine  
  149  15:39  Marauder x2  
  114  15:51  Liberator x2  
  105  16:00  Marauder  
  105  16:01  Marauder  
  109  16:04  Supply Depot  
  109  16:05  Supply Depot  
  109  16:09  Marine x3  
  109  16:10  Marine  
  116  16:22  Marauder x2  
  120  16:27  Marine x3  
  123  16:34  Liberator x2  
  123  16:43  Marauder x2  
  123  16:46  Missile Turret  
  125  17:05  Marauder x2  
  90  18:46  Barracks Tech Lab, Missile Turret  
  90  18:50  Missile Turret  
  90  18:53  Missile Turret  
  75  19:39  Orbital Command  
  49  20:16  Supply Depot  
  46  20:23  Terran Infantry Weapons Level 3  
  46  20:27  Thor  
  51  21:00  Marine x2  
  51  21:01  Supply Depot  
  51  21:04  Supply Depot  
  53  21:05  Marine  
  53  21:08  SCV  
  53  21:10  Thor  
  61  21:18  Marine  
  62  21:21  SCV  
  62  21:23  Marine  
  64  21:33  Marine, Marauder, SCV  
  64  21:34  Marine  
  64  21:35  Marine  
  64  21:36  Terran Vehicle Weapons Level 2  
  70  21:45  SCV  
  71  21:51  Missile Turret  
  71  21:55  Marauder, Missile Turret  
  71  21:57  SCV  
  71  22:00  Marine  
  71  22:01  Marine x3  
  77  22:03  Supply Depot  
  78  22:09  SCV  
  79  22:15  Marine  
  79  22:18  Marine x2  
  79  22:21  Missile Turret, SCV  
  83  22:23  Missile Turret  
  83  22:35  Marine x3  
  83  22:36  Marine  
  87  22:45  Orbital Command  
  87  22:55  Marine x3  
  87  22:56  Marine x2  
  87  22:59  Thor  
  87  23:00  SCV  
  86  23:07  Viking  
  88  23:13  Marine, SCV  
  88  23:14  Marauder  
  92  23:25  SCV  
  93  23:36  Marauder  
  85  24:01  Marine x3, Marauder  
  85  24:02  Marine  
  91  24:04  SCV  
  92  24:16  SCV  
Tags
 
Add a new tag
Caveats
  • Supply blocks, unpowered buildings, or Contaminate may cause inaccurate times.
  • Supply counts are checked every 10 seconds.